[Event "Titled Tuesday Blitz April 05 Early 2022"]
[White "Koc, Przemyslaw"]
[Black "Kostiukov, Alexandr"]
[WhiteFideId "1109081"]
[BlackFideId "14108100"]
[WhiteElo "2141"]
[BlackElo "2202"]
[Result "1/2-1/2"]
[Round "05"]
[TimeControl "180+1"]
[Date "2022.04.05"]
[WhiteClock "0:00:57"]
[BlackClock "0:00:20"]

1. d4 g6 2. e4 Bg7 3. Nc3 c5 4. d5 d6 5. Nf3 Nf6 6. Bc4 O-O 7. O-O e6 8. dxe6 Bxe6 9. Bxe6 fxe6 10. e5 dxe5 11. Qxd8 Rxd8 12. Bg5 Nc6 13. Bxf6 Bxf6 14. Ne4 Be7 15. c3 h6 16. Rfd1 Kf7 17. Kf1 b6 18. Ke2 Rxd1 19. Rxd1 Rd8 20. Rxd8 Bxd8 21. Kd3 Bc7 22. Kc4 a6 23. b4 cxb4 24. cxb4 Ke7 25. a3 Kd7 26. h4 Ne7 27. g3 Nf5 28. Nf6+ Kc6 29. a4 b5+ 30. axb5+ axb5+ 31. Kd3 Bd6 32. g4 Ne7 33. Kc3 Nd5+ 34. Nxd5 exd5 35. h5 gxh5 36. gxh5 e4 37. Nd4+ Kb6 38. Nf5 Be5+ 39. Kb3 Bf4 40. Ne7 Bd2 41. Nxd5+ Kc6 42. Nf6 e3 43. fxe3 Bxe3 44. Kc3 Kd6 45. Kd3 Bf4 46. Ne4+ Kd5 47. Nc3+ Kc6 48. Ne2 Bd6 49. Nd4+ Kd5 50. Nc2 Ke5 51. Ke3 Kf5 52. Kd4 Kg4 53. Kd5 Bxb4 54. Nxb4 Kxh5 55. Ke4 Kg4 56. Nd3 h5 57. Ke3 Kg3 58. Ke2 h4 59. Kf1 Kf3 60. Kg1 Ke3 61. Nc5 Kd4 62. Na6 Ke4 63. Kh2 Kf4 64. Kh3 Kg5 65. Nb4 Kh5 66. Na6 Kg5 67. Nb4 Kf4 68. Kxh4 Ke4 69. Kg3 Kd4 70. Na6 Kc4 71. Kf2 b4 72. Nxb4 1/2-1/2


[Site "https://www.chess.com"]

[Event "Titled Tuesday Blitz April 05 Early 2022"]
[White "Koridze, Lile"]
[Black "Petrovic, Aleksa"]
[WhiteFideId "13612514"]
[BlackFideId "967629"]
[WhiteElo "2050"]
[BlackElo "2198"]
[Result "1-0"]
[Round "05"]
[TimeControl "180+1"]
[Date "2022.04.05"]
[WhiteClock "0:01:44"]
[BlackClock "0:00:05"]

1. d4 Nf6 2. c4 e6 3. Nc3 Bb4 4. e3 b6 5. Nf3 Bb7 6. Bd3 O-O 7. O-O Bxc3 8. bxc3 d6 9. Qe2 Be4 10. Nd2 Bxd3 11. Qxd3 Nbd7 12. f3 a5 13. a4 e5 14. Ba3 Re8 15. Ne4 Qe7 16. Rae1 Qe6 17. Ng5 Qe7 18. Qf5 h6 19. Nh3 g6 20. Qd3 e4 21. fxe4 Qxe4 22. Qd2 d5 23. cxd5 Qxd5 24. Qc2 Qe4 25. Qb3 Re6 26. Rf3 Rae8 27. Ref1 g5 28. Nf2 Qg6 29. e4 Nxe4 30. Nxe4 Qxe4 31. Rxf7 Qe3+ 32. Kh1 Qe2 33. h3 Nf8 34. Bxf8 Kh8 35. Bg7+ Kh7 36. Be5+ Kg6 37. Qb1+ Kh5 38. Qf5 1-0


[Site "https://www.chess.com"]

[Event "Titled Tuesday Blitz April 05 Early 2022"]
[White "Kouskoutis, Georgios-Alexandros"]
[Black "nobodyperfect13"]
[WhiteFideId "4234049"]
[WhiteElo "2130"]
[BlackElo "1938"]
[Result "1-0"]
[Round "05"]
[TimeControl "180+1"]
[Date "2022.04.05"]
[WhiteClock "0:00:06"]
[BlackClock "0:00:49"]

1. c4 c5 2. g3 g6 3. Bg2 Bg7 4. Nc3 Nc6 5. e4 d6 6. Nge2 e6 7. O-O Nge7 8. Rb1 O-O 9. a3 a5 10. d3 Rb8 11. Be3 Nd4 12. b4 axb4 13. axb4 Bd7 14. bxc5 dxc5 15. Bxd4 cxd4 16. Nb5 Bc6 17. f4 Nc8 18. Qd2 Qe7 19. e5 Bxg2 20. Kxg2 b6 21. Nexd4 Na7 22. Qe3 Nxb5 23. Nxb5 Rfd8 24. Nd6 Qc7 25. Rb3 f6 26. Rfb1 fxe5 27. fxe5 Bxe5 28. Qxe5 Qxd6 29. Qxd6 Rxd6 30. c5 Rc6 31. Rxb6 Rbc8 32. Rxc6 Rxc6 33. Rc1 Kf7 34. Kf3 Ke7 35. Ke4 Kd7 36. d4 Kc7 37. Rf1 Ra6 38. Rf7+ Kc6 39. Rxh7 Ra2 40. Re7 Re2+ 41. Kd3 Re1 42. h4 Kd5 43. Rd7+ Kc6 44. Rd6+ Kc7 45. g4 e5 46. dxe5 Rxe5 47. Rxg6 Rxc5 48. h5 Kd7 49. h6 Rc1 50. g5 Ke7 51. Rg7+ Kf8 52. Ra7 Kg8 53. g6 Rc8 54. Ke4 Re8+ 55. Kf5 Rf8+ 56. Kg5 Rb8 57. g7 Kh7 58. Rf7 Rb5+ 59. Kf4 Rb4+ 60. Kg5 Rb5+ 61. Rf5 Rb1 62. Rf8 Rb5+ 63. Kf4 Rb4+ 64. Ke3 Rg4 65. Rh8+ Kg6 66. g8=Q+ Kf5 67. Qxg4+ Kxg4 68. Rg8+ Kf5 69. h7 Kf6 70. h8=Q+ Kf7 71. Qh7+ Ke6 72. Qe4+ Kf6 73. Rg6+ 1-0


[Site "https://www.chess.com"]

[Event "Titled Tuesday Blitz April 05 Early 2022"]
[White "Krysa, Leandro"]
[Black "Silva, Kaua Marques"]
[WhiteFideId "116807"]
[BlackFideId "22701168"]
[WhiteElo "2490"]
[BlackElo "2071"]
[Result "0-1"]
[Round "05"]
[TimeControl "180+1"]
[Date "2022.04.05"]
[WhiteClock "0:00:09"]
[BlackClock "0:00:03"]

1. e4 c5 2. Nf3 Nc6 3. d4 cxd4 4. Nxd4 Nf6 5. Nc3 e5 6. Ndb5 d6 7. Bg5 a6 8. Na3 b5 9. Nab1 Be7 10. Bxf6 Bxf6 11. a4 b4 12. Nd5 O-O 13. Bc4 Bg5 14. Qd3 a5 15. O-O Be6 16. Nd2 Rc8 17. c3 Ne7 18. Nf3 Bxd5 19. Bxd5 Bh6 20. cxb4 axb4 21. a5 Rc5 22. a6 Nxd5 23. exd5 Qa8 24. a7 Rxd5 25. Qc4 Rc5 26. Qxb4 Rc7 27. Qa5 Rd7 28. b4 g6 29. b5 Bg7 30. Ra2 e4 31. Nd2 Bd4 32. b6 Rb7 33. Rb1 e3 34. fxe3 Bxe3+ 35. Kh1 Re8 36. Nc4 Bc5 37. Qb5 Kg7 38. Qxe8 Qxe8 39. a8=Q Qe4 40. Nd2 Qd5 41. Rc2 Qd3 42. Qa2 Rxb6 43. Rxb6 Bxb6 44. Qb1 Bc5 45. Nf3 h5 46. Qb2+ Kh7 47. Qc1 Qb5 48. Rb2 Qc6 49. Qc4 Qd7 50. Re2 Kg7 51. Qd5 Qf5 52. h3 Qxd5 0-1


[Site "https://www.chess.com"]

[Event "Titled Tuesday Blitz April 05 Early 2022"]
[White "Lakshmi C"]
[Black "Prohorov, Olexandr"]
[WhiteFideId "25035347"]
[BlackFideId "14105578"]
[WhiteElo "1775"]
[BlackElo "1993"]
[Result "0-1"]
[Round "05"]
[TimeControl "180+1"]
[Date "2022.04.05"]
[WhiteClock "0:00:05"]
[BlackClock "0:00:04"]

1. e4 c5 2. c4 Nc6 3. Nc3 g6 4. Nf3 Bg7 5. Be2 e6 6. O-O Nge7 7. Rb1 O-O 8. a3 a5 9. d3 d5 10. exd5 exd5 11. Bd2 Bf5 12. Nh4 Be6 13. Na4 b6 14. b3 Nd4 15. Be3 Nec6 16. Nf3 Nxe2+ 17. Qxe2 Re8 18. Qd2 Bg4 19. Ng5 d4 20. Bf4 h6 21. Ne4 g5 22. Bg3 f5 23. Nd6 Rf8 24. f3 Bh5 25. Nb5 f4 26. Bf2 Bg6 27. Rfe1 Ne5 28. Re2 Nxd3 29. Re6 Bh7 30. Rd1 Rb8 31. Rd6 Qe7 32. Rc6 Ne5 33. Rc7 Qf6 34. Re1 Rfe8 35. Nb2 Kh8 36. Ra7 Rbd8 37. Rb7 g4 38. Na4 gxf3 39. Rxb6 Qg5 40. h4 Qxg2# 0-1


[Site "https://www.chess.com"]

[Event "Titled Tuesday Blitz April 05 Early 2022"]
[White "Lauridsen, Jesper Morch"]
[Black "Coto Mederos, Michel"]
[WhiteFideId "1401890"]
[BlackFideId "3508528"]
[WhiteElo "2247"]
[BlackElo "2427"]
[Result "1-0"]
[Round "05"]
[TimeControl "180+1"]
[Date "2022.04.05"]
[WhiteClock "0:00:06"]
[BlackClock "0:00:03"]

1. e4 e5 2. Nf3 Nc6 3. Bc4 Bc5 4. c3 Nf6 5. d3 d6 6. Bg5 h6 7. Bh4 g5 8. Bg3 Bg4 9. Qb3 Qd7 10. Qxb7 Rb8 11. Qa6 Bxf3 12. gxf3 O-O 13. Bb5 Rb6 14. Qa4 a6 15. Bxc6 Rxc6 16. Nd2 Rb8 17. b4 Ba7 18. Nc4 Kg7 19. Bxe5 Rb5 20. Bxf6+ Kxf6 21. Ne3 Kg7 22. Nf5+ Kh7 23. O-O Rxc3 24. Qxa6 Bb6 25. a4 Rxf5 26. exf5 Qxf5 27. Qb7 Rxd3 28. Qe4 Qxe4 29. fxe4 Rd4 30. a5 Ba7 31. b5 Rxe4 32. Rab1 Rg4+ 33. Kh1 Ra4 34. b6 cxb6 35. axb6 Bb8 36. Rfc1 d5 37. Rc8 Bf4 38. b7 Ra2 39. Kg2 d4 40. Rd8 Rd2 41. b8=Q Bxb8 42. Rbxb8 d3 43. Rb3 Kg6 44. Rbxd3 Re2 45. Rd2 Re5 46. R8d6+ f6 47. R6d5 Re4 48. R5d4 Re5 49. Rd6 h5 50. Rc2 h4 51. Rcc6 Rf5 52. f3 Rf4 53. h3 Kg7 54. Rc7+ Kg6 55. Rdd7 Kf5 56. Rc5+ Kg6 57. Rd6 Ra4 58. Re6 Ra2+ 59. Kf1 Ra4 60. Re4 Ra3 61. Kf2 Ra2+ 62. Re2 Ra3 63. Rc6 Kf5 64. Ree6 Ra2+ 65. Ke3 Ra3+ 66. Kd4 Kf4 67. Rxf6+ Kg3 68. Rf5 Ra4+ 69. Rc4 Ra3 70. Rxg5+ Kxh3 71. f4 Kh2 72. Rc2+ Kh1 73. Rc3 Ra4+ 74. Kc5 Rxf4 75. Rh3# 1-0


[Site "https://www.chess.com"]

[Event "Titled Tuesday Blitz April 05 Early 2022"]
[White "Maevsky, Nikolay"]
[Black "Alinasab, Mobina"]
[WhiteFideId "4198220"]
[BlackFideId "12528897"]
[WhiteElo "2126"]
[BlackElo "2031"]
[Result "0-1"]
[Round "05"]
[TimeControl "180+1"]
[Date "2022.04.05"]
[WhiteClock "0:00:10"]
[BlackClock "0:00:07"]

1. d4 Nf6 2. Nf3 e6 3. e3 b6 4. Bd3 Bb7 5. O-O c5 6. c4 cxd4 7. exd4 Be7 8. Nc3 d6 9. d5 e5 10. Ng5 O-O 11. f4 Nbd7 12. b3 exf4 13. Bxf4 Ne5 14. Bc2 h6 15. Nge4 Nxe4 16. Nxe4 f5 17. Ng3 Bg5 18. Nxf5 Bxf4 19. Rxf4 Qg5 20. Rf1 Bc8 21. Qc1 Qf6 22. Ng3 Qh4 23. Rxf8+ Kxf8 24. Qf1+ Kg8 25. Qe1 Qd4+ 26. Kh1 Bd7 27. Rd1 Qb2 28. Qe4 Rf8 29. Qh7+ Kf7 30. Rf1+ Ke8 31. Rxf8+ Kxf8 32. h3 Qc1+ 33. Kh2 Qf4 34. Qe4 Qf2 35. Qe2 Qxe2 36. Nxe2 Ke7 37. Be4 Kf6 38. Nd4 Be8 39. Nf3 Nd7 40. Kg3 Nc5 41. Bc2 Bd7 42. Kf2 Na6 43. Ke3 Nb4 44. Bb1 Na6 45. a3 Nc5 46. Bc2 a5 47. b4 axb4 48. axb4 Na6 49. b5 Nc5 50. Nd4 Ke5 51. Nc6+ Kf6 52. Kd4 Nb7 53. Nb8 Be8 54. Na6 Bd7 55. Nc7 Ke7 56. Bg6 Nc5 57. h4 Bc8 58. g3 Bb7 59. Bf5 Kd8 60. Ne6+ Nxe6+ 61. Bxe6 Ke7 62. Ke4 Kf6 63. Kf4 g6 64. g4 g5+ 65. hxg5+ hxg5+ 66. Ke4 Kg6 67. Bd7 Kf6 68. Bf5 Ke7 69. Kd4 Kf6 70. Bd7 Ke7 71. Be6 Kf6 72. c5 dxc5+ 73. Kc4 Ke5 74. Bf7 Kd6 75. Bg8 Ke5 76. Be6 Kd6 77. Kd3 Bxd5 78. Bf5 Bb7 79. Kc4 Bd5+ 80. Kc3 Bf7 81. Be4 Be6 82. Bf3 Bd7 83. Kd3 Bxb5+ 84. Ke3 Bc6 85. Be2 Ke5 86. Bd1 b5 87. Kd3 c4+ 88. Ke3 b4 89. Be2 Bd5 90. Bd1 b3 91. Kd2 Kd4 92. Kc1 c3 93. Kb1 Be4+ 94. Kc1 b2# 0-1


[Site "https://www.chess.com"]

[Event "Titled Tuesday Blitz April 05 Early 2022"]
[White "Marcziter, Dmitrii"]
[Black "Postnikov, Daniil"]
[WhiteFideId "13900765"]
[BlackFideId "4166329"]
[WhiteElo "2155"]
[BlackElo "2261"]
[Result "1-0"]
[Round "05"]
[TimeControl "180+1"]
[Date "2022.04.05"]
[WhiteClock "0:00:44"]
[BlackClock "0:00:06"]

1. d4 Nf6 2. c4 g6 3. Nf3 Bg7 4. g3 O-O 5. Bg2 d6 6. Nc3 c6 7. O-O Bf5 8. Ne1 Qb6 9. e4 Bg4 10. f3 Be6 11. b3 c5 12. d5 Bc8 13. Bb2 Nbd7 14. Nd3 e5 15. dxe6 fxe6 16. Qe2 Nh5 17. Na4 Qd8 18. Bxg7 Kxg7 19. f4 Qf6 20. Rad1 Nb6 21. e5 dxe5 22. fxe5 Qe7 23. Rxf8 Qxf8 24. Naxc5 Qe7 25. Ne4 Kg8 26. Rf1 Nd7 27. g4 Ng7 28. Nf6+ Kh8 29. Qe3 Ne8 30. g5 Ng7 31. Be4 Nf5 32. Bxf5 exf5 33. Qd4 Nf8 34. Qd6 Qxd6 35. exd6 Ne6 36. d7 Bxd7 37. Nxd7 Rd8 38. N3e5 Nxg5 39. h4 Nh3+ 40. Kh2 1-0


[Site "https://www.chess.com"]

[Event "Titled Tuesday Blitz April 05 Early 2022"]
[White "Martin Carmona, Gaston Manuel"]
[Black "Bintang, Rasyid A. Hidayat"]
[WhiteFideId "22284567"]
[BlackFideId "7105355"]
[WhiteElo "2146"]
[BlackElo "2382"]
[Result "1-0"]
[Round "05"]
[TimeControl "180+1"]
[Date "2022.04.05"]
[WhiteClock "0:00:11"]
[BlackClock "0:00:26"]

1. d4 d5 2. c4 Nc6 3. e3 e5 4. cxd5 Qxd5 5. Nc3 Bb4 6. a3 Bxc3+ 7. bxc3 Nf6 8. Nf3 Bg4 9. Be2 O-O 10. Bb2 e4 11. Nd2 Bxe2 12. Qxe2 Rfe8 13. c4 Qd6 14. O-O h5 15. h3 Rad8 16. Rfd1 Ne7 17. a4 Nf5 18. d5 g6 19. Rab1 Nd7 20. Nb3 b6 21. Qc2 Ne5 22. Qxe4 Ng4 23. Qf4 Qxf4 24. exf4 Ngh6 25. Re1 Kh7 26. Bf6 Rc8 27. a5 Ng8 28. Bc3 Nd6 29. Nd2 f5 30. a6 c6 31. Rxe8 Nxe8 32. dxc6 Rxc6 33. Re1 Nd6 34. Nf3 Ne4 35. Ne5 Rc5 36. Bb4 Rc7 37. f3 Nc5 38. Bxc5 Rxc5 39. Rd1 Nf6 40. Rd6 Kg7 41. Nc6 Rxc4 42. Nxa7 h4 43. Nb5 Nh5 44. Kf2 Nxf4 45. a7 Ra4 46. Rd8 Ra2+ 47. Ke3 Nxg2+ 48. Kd3 Nf4+ 49. Kc4 Ne6 50. a8=Q Rc2+ 51. Kb3 Rc5 52. Rg8+ Kf6 53. Nc3 Nd4+ 54. Kb2 Ne6 55. Nd5+ Ke5 56. Qb8+ Kxd5 57. Qxb6 Nd4 58. Rd8+ Kc4 59. Qxg6 Rb5+ 60. Kc1 Rc5 61. Rxd4+ Kxd4+ 62. Kd2 Re5 63. Qf6 Kd5 64. f4 Re4 65. Qxf5+ Kd4 66. Qf6+ Kd5 67. Qxh4 Ke6 68. Qg5 Rd4+ 69. Ke3 Rd5 70. Qxd5+ Kxd5 71. h4 Ke6 72. Ke4 Kf6 73. h5 Kg7 74. Ke5 Kh6 75. Ke6 Kxh5 76. f5 Kh6 77. f6 Kh7 78. Ke7 Kg8 79. f7+ 1-0


[Site "https://www.chess.com"]

[Event "Titled Tuesday Blitz April 05 Early 2022"]
[White "Martin Duque, Jesus"]
[Black "Kostina, Nadezhda"]
[WhiteFideId "2208954"]
[BlackFideId "4195876"]
[WhiteElo "2243"]
[BlackElo "1982"]
[Result "1-0"]
[Round "05"]
[TimeControl "180+1"]
[Date "2022.04.05"]
[WhiteClock "0:01:40"]
[BlackClock "0:00:11"]

1. d4 Nf6 2. c4 e6 3. Nc3 Bb4 4. Qc2 O-O 5. a3 Bxc3+ 6. Qxc3 d5 7. Bg5 dxc4 8. Qxc4 Qd5 9. Qxd5 exd5 10. Bxf6 gxf6 11. e3 c6 12. Bd3 Nd7 13. Nf3 Nb6 14. b3 Be6 15. Kd2 a5 16. a4 Nd7 17. Rac1 Rfc8 18. g3 c5 19. dxc5 Nxc5 20. Nd4 Kf8 21. Bxh7 Ke7 22. Bc2 Bh3 23. Bf5 Nxb3+ 24. Nxb3 Bxf5 25. Nd4 Bd7 26. h4 Bxa4 27. Rb1 b5 28. h5 b4 29. h6 Bd7 30. h7 Rh8 31. Rh5 Be6 32. f3 Rab8 33. Nc6+ Kd6 34. Nxb8 1-0


[Site "https://www.chess.com"]

[Event "Titled Tuesday Blitz April 05 Early 2022"]
[White "Martinez, Shawn"]
[Black "Tuleyeva-Aketayeva, Dana"]
[WhiteFideId "2039770"]
[BlackFideId "13701932"]
[WhiteElo "2174"]
[BlackElo "1875"]
[Result "1-0"]
[Round "05"]
[TimeControl "180+1"]
[Date "2022.04.05"]
[WhiteClock "0:00:41"]
[BlackClock "0:00:04"]

1. e4 c5 2. Nc3 Nc6 3. Bb5 g6 4. Bxc6 dxc6 5. f4 Bg7 6. d3 Nf6 7. Nf3 O-O 8. O-O Nd7 9. Qe1 Nb6 10. h3 c4 11. Qe2 cxd3 12. cxd3 c5 13. Kh1 Be6 14. Be3 Bd4 15. f5 gxf5 16. exf5 Bxf5 17. Nxd4 cxd4 18. Bh6 Bg6 19. Ne4 Nd5 20. Rf3 Rc8 21. Raf1 Qc7 22. Bxf8 Kxf8 23. Ng5 1-0


[Site "https://www.chess.com"]

[Event "Titled Tuesday Blitz April 05 Early 2022"]
[White "Mekhitarian, Krikor Sevag"]
[Black "Omariev, Maksim"]
[WhiteFideId "2107660"]
[BlackFideId "4193423"]
[WhiteElo "2598"]
[BlackElo "2497"]
[Result "1-0"]
[Round "05"]
[TimeControl "180+1"]
[Date "2022.04.05"]
[WhiteClock "0:00:43"]
[BlackClock "0:01:16"]

1. Nf3 d5 2. c4 c6 3. e3 Nf6 4. Nc3 g6 5. d4 Bg7 6. h3 O-O 7. Bd3 Be6 8. Ng5 Qd7 9. Nxe6 Qxe6 10. Qb3 b6 11. O-O Nbd7 12. Re1 Ne4 13. cxd5 cxd5 14. Qxd5 Nxc3 15. Qxe6 fxe6 16. bxc3 Rac8 17. Bd2 e5 18. Rac1 Rc7 19. Kf1 exd4 20. cxd4 Rfc8 21. Rxc7 Rxc7 22. Rc1 Rxc1+ 23. Bxc1 Kf7 24. Ke2 Ke6 25. Bc4+ Kd6 26. Ba3+ Kc6 27. Bxe7 b5 28. Bg8 h6 29. h4 Nf6 30. Bf7 g5 31. hxg5 hxg5 32. f3 a5 33. Kd3 b4 34. e4 Kd7 35. Bxf6 Bxf6 36. e5 Bd8 37. Bb3 Kc6 38. Kc4 Bc7 39. Ba4+ Kb6 40. g3 Ka6 41. f4 g4 42. Bd1 Bd8 43. Bxg4 1-0


[Site "https://www.chess.com"]

[Event "Titled Tuesday Blitz April 05 Early 2022"]
[White "Melikhov, Evgeny V."]
[Black "Mickiewicz, Piotr"]
[WhiteFideId "4122046"]
[BlackFideId "1114891"]
[WhiteElo "1931"]
[BlackElo "2266"]
[Result "1-0"]
[Round "05"]
[TimeControl "180+1"]
[Date "2022.04.05"]
[WhiteClock "0:00:10"]
[BlackClock "0:00:12"]

1. d4 e6 2. c4 Nf6 3. Nc3 d5 4. cxd5 exd5 5. Bg5 c6 6. Qc2 Na6 7. a3 g6 8. e3 Bf5 9. Bd3 Bxd3 10. Qxd3 Be7 11. Nf3 O-O 12. O-O Nc7 13. Rfc1 Ne4 14. Bxe7 Qxe7 15. Qc2 Nd6 16. Na4 Ne6 17. Nc5 Ng5 18. Nxg5 Qxg5 19. Qe2 h5 20. Qf3 Rfe8 21. Qg3 Qe7 22. Re1 Rac8 23. Rac1 Rc7 24. h4 Nf5 25. Qg5 Nxh4 26. Qxe7 Rcxe7 27. b4 a6 28. a4 Nf5 29. b5 cxb5 30. axb5 axb5 31. Red1 Rc7 32. Rb1 Nd6 33. Ra1 Rec8 34. Nd3 Ne4 35. Rdb1 Nc3 36. Rb2 b6 37. Ra6 g5 38. Rb3 Rc6 39. Ne5 Rd6 40. Ra7 f6 41. Ng6 Rc4 42. Rba3 Na4 43. Ne7+ Kf8 44. Nf5 Rd8 45. Ng7 Rc6 46. Kh2 Rdc8 47. e4 dxe4 48. Re3 R6c7 49. Ne6+ Ke7 50. Nxc7 Kd6 51. Nxb5+ Kd5 52. Rxa4 f5 53. g3 f4 54. gxf4 gxf4 55. Rc3 Rg8 56. Nc7+ Kd6 57. Rb4 Ke7 58. Rxb6 f3 59. Nd5+ Kd8 60. Rb8+ Kd7 61. Rxg8 e3 62. Nxe3 Kd6 63. Kg3 h4+ 64. Kxf3 Ke6 65. Rh8 Kf7 66. Rxh4 Kg6 67. Re4 Kg5 68. Rc5+ Kf6 69. d5 Kf7 70. Re6 Kg7 71. Rc7+ Kf8 72. Ra6 1-0


[Site "https://www.chess.com"]

[Event "Titled Tuesday Blitz April 05 Early 2022"]
[White "Mikhnenko, Alexander"]
[Black "Onslow, Alfie"]
[WhiteFideId "34143014"]
[BlackFideId "436976"]
[WhiteElo "2117"]
[BlackElo "1884"]
[Result "1-0"]
[Round "05"]
[TimeControl "180+1"]
[Date "2022.04.05"]
[WhiteClock "0:01:08"]
[BlackClock "0:00:02"]

1. e4 c5 2. Nf3 Nc6 3. d4 cxd4 4. Nxd4 e5 5. Nb5 d6 6. N1c3 a6 7. Na3 b5 8. Nd5 Nge7 9. Bg5 Qa5+ 10. Bd2 Qd8 11. Bg5 Be6 12. c3 h6 13. Bh4 Bxd5 14. exd5 Na5 15. Nc2 g5 16. Bg3 Bg7 17. h4 Nf5 18. Bd3 Nxg3 19. fxg3 Nc4 20. O-O Nxb2 21. Qh5 Ra7 22. Bf5 Nc4 23. Be6 O-O 24. Bf5 gxh4 25. gxh4 Kh8 26. Be4 Qd7 27. Rf6 Rg8 28. Rxh6+ Bxh6 29. Qxh6# 1-0


[Site "https://www.chess.com"]

[Event "Titled Tuesday Blitz April 05 Early 2022"]
[White "Miszler, Levente"]
[Black "Mohammadian, Mohammad"]
[WhiteFideId "763276"]
[BlackFideId "12566055"]
[WhiteElo "1966"]
[BlackElo "1544"]
[Result "1-0"]
[Round "05"]
[TimeControl "180+1"]
[Date "2022.04.05"]
[WhiteClock "0:02:42"]
[BlackClock "0:00:04"]

1. Nf3 Nf6 2. c4 g6 3. g3 Bg7 4. Bg2 O-O 5. O-O c5 6. Nc3 Nc6 7. d3 d5 8. cxd5 Nxd5 9. Nxd5 Qxd5 10. Be3 b6 11. Nd4 Qxg2+ 12. Kxg2 cxd4 13. Bd2 e5 14. Rc1 Bb7 15. Kg1 f5 16. Qa4 Rfc8 17. Rc2 a6 18. Rfc1 b5 19. Qb3+ Kh8 20. Qe6 Nd8 21. Rxc8 Bxc8 22. Rxc8 Rxc8 23. Qxc8 h5 24. Qxd8+ Kh7 25. Qe7 a5 26. Bg5 a4 27. Bf6 Kh6 28. Qxg7# 1-0


[Site "https://www.chess.com"]

[Event "Titled Tuesday Blitz April 05 Early 2022"]
[White "Mogirzan, Matei-Valeriu"]
[Black "Odegov, Artem"]
[WhiteFideId "1257455"]
[BlackFideId "34183644"]
[WhiteElo "1733"]
[BlackElo "2286"]
[Result "0-1"]
[Round "05"]
[TimeControl "180+1"]
[Date "2022.04.05"]
[WhiteClock "0:00:07"]
[BlackClock "0:00:05"]

1. e4 e6 2. f4 d5 3. e5 c5 4. g4 Qh4+ 5. Ke2 Qxg4+ 6. Nf3 Qxf4 7. d4 Qe4+ 8. Kf2 Be7 9. h4 f6 10. Bd3 Qg4 11. Rg1 Qh5 12. Rxg7 f5 13. Qg1 Kf8 14. Bg5 Nc6 15. Nc3 Bd7 16. Nb5 Nh6 17. Nd6 Ng4+ 18. Qxg4 fxg4 19. Rf7+ Qxf7 20. Nxf7 Kxf7 21. Bxe7 Nxe7 22. Ng5+ Kg7 23. Kg3 h5 24. c3 c4 25. Rf1 Raf8 26. Be2 Rxf1 27. Bxf1 Rf8 28. Be2 Nf5+ 29. Kf4 Nxh4+ 30. Ke3 Ng6 31. b3 g3 32. Bf3 h4 33. bxc4 dxc4 34. d5 Rxf3+ 35. Kxf3 exd5 36. e6 Bc6 37. Ke3 g2 38. Nh3 Ne5 39. Kd4 Nf3+ 40. Kc5 g1=Q+ 41. Nxg1 Nxg1 42. e7 h3 43. a4 h2 44. a5 h1=Q 45. a6 Qe4 46. e8=N+ Bxe8 47. axb7 Qe5 48. b8=Q Qxb8 49. Kd4 Qd6 50. Ke3 Qe5+ 51. Kd2 Qe2+ 52. Kc1 Bf7 53. Kb1 Bg6+ 54. Ka1 Qd3 55. Kb2 Qc2+ 56. Ka3 Qb3# 0-1


[Site "https://www.chess.com"]

[Event "Titled Tuesday Blitz April 05 Early 2022"]
[White "Molina, Roberto Junio Brito"]
[Black "Przybylski, Wojciech"]
[WhiteFideId "2109450"]
[BlackFideId "1117599"]
[WhiteElo "2432"]
[BlackElo "2133"]
[Result "1-0"]
[Round "05"]
[TimeControl "180+1"]
[Date "2022.04.05"]
[WhiteClock "0:00:23"]
[BlackClock "0:00:06"]

1. d4 d5 2. Nf3 Nf6 3. e3 c6 4. Be2 Bf5 5. O-O Nbd7 6. b3 e6 7. c4 Be7 8. Ba3 O-O 9. Qc1 a5 10. Bxe7 Qxe7 11. Qa3 Rfe8 12. Qxe7 Rxe7 13. Nc3 Ne4 14. Rfc1 Nxc3 15. Rxc3 a4 16. b4 dxc4 17. Bxc4 e5 18. a3 exd4 19. Nxd4 Bg6 20. Be2 h6 21. Rac1 Kf8 22. Bf3 Rae8 23. h3 Be4 24. Bg4 Nf6 25. b5 Nxg4 26. hxg4 cxb5 27. Nxb5 Bc6 28. Nd4 Bd7 29. Rc4 b5 30. Rb4 Re5 31. Rc7 Rd8 32. Kh2 h5 33. gxh5 Rxh5+ 34. Kg1 Be8 35. f3 Rdd5 36. Rc8 Ke7 37. g4 Rhe5 38. Nf5+ Kd7 39. Rc3 Rd1+ 40. Kf2 Rd2+ 41. Kg3 g6 42. Kf4 f6 43. Nd4 Kd6 44. e4 Bd7 45. Ke3 Ra2 46. Ne2 Ke7 47. Rd4 Re6 48. Nf4 Rd6 49. Nxg6+ Ke6 50. Nf4+ Ke7 51. Nd5+ Kd8 52. Nb4 Rxd4 53. Kxd4 Rd2+ 54. Rd3 Rf2 55. Nd5 1-0


[Site "https://www.chess.com"]

[Event "Titled Tuesday Blitz April 05 Early 2022"]
[White "Moskvin, Anatoly"]
[Black "Krishna, C R G"]
[WhiteFideId "24199990"]
[BlackFideId "5018625"]
[WhiteElo "2079"]
[BlackElo "2332"]
[Result "1-0"]
[Round "05"]
[TimeControl "180+1"]
[Date "2022.04.05"]
[WhiteClock "0:00:44"]
[BlackClock "0:01:21"]

1. e4 d6 2. d4 Nf6 3. Nc3 Nbd7 4. f4 e5 5. Nf3 exd4 6. Nxd4 c6 7. g3 Be7 8. Bg2 O-O 9. O-O Re8 10. a4 a5 11. h3 Nc5 12. Re1 Bf8 13. b3 g6 14. Qd2 Bg7 15. Ba3 Qb6 16. Rad1 Ne6 17. Kh1 Nxd4 18. Qxd4 Qxd4 19. Rxd4 Nh5 20. Rd3 b5 21. Bxd6 Ba6 22. Rf3 b4 23. Nd1 Rad8 24. Bc5 Rd2 25. g4 Nf6 26. Rf2 Red8 27. Rxd2 Rxd2 28. Ne3 Nd7 29. Ba7 Bc3 30. Rd1 g5 31. fxg5 Ne5 32. Bb8 Re2 33. Rd8+ 1-0


[Site "https://www.chess.com"]

[Event "Titled Tuesday Blitz April 05 Early 2022"]
[White "Muradov, Soltan"]
[Black "Bashirli, Saadat"]
[WhiteFideId "14002108"]
[BlackFideId "13429990"]
[WhiteElo "1854"]
[BlackElo "1173"]
[Result "1/2-1/2"]
[Round "05"]
[TimeControl "180+1"]
[Date "2022.04.05"]
[WhiteClock "0:00:17"]
[BlackClock "0:00:03"]

1. d4 d5 2. Nf3 e6 3. c4 c6 4. Nc3 dxc4 5. a4 Bb4 6. Bd2 Nf6 7. e3 Bxc3 8. Bxc3 O-O 9. Bxc4 a6 10. O-O Qe7 11. Qc2 Nbd7 12. e4 Nb6 13. Bd3 h6 14. Rfe1 Rd8 15. Rad1 Bd7 16. h3 c5 17. Ba5 Bxa4 18. b3 c4 19. Bxb6 Bxb3 20. Qb2 Bxd1 21. Bxd8 Rxd8 22. Bxc4 Bxf3 23. gxf3 Qd7 24. Bf1 Nh5 25. d5 exd5 26. Rd1 Nf4 27. Qe5 Nxh3+ 28. Bxh3 Qxh3 29. Rxd5 Rxd5 30. exd5 Qxf3 31. d6 Qg4+ 32. Kf1 Qd1+ 33. Kg2 Qg4+ 34. Kh2 Qh4+ 35. Kg1 Qg4+ 36. Kf1 Qc4+ 37. Ke1 Qb4+ 38. Ke2 Qc4+ 39. Ke3 Qb3+ 40. Ke2 Qc2+ 41. Kf3 Qd3+ 42. Kg2 Qc4 43. Kg3 Kh7 44. Qf5+ g6 45. Qf6 Qd3+ 46. Kg2 Qd5+ 47. Kf1 Qd1+ 48. Kg2 Qd5+ 49. Kg3 Qd3+ 50. Kf4 Qc4+ 51. Ke3 Qb3+ 52. Ke4 Qc4+ 53. Ke3 Qb3+ 54. Ke2 Qc2+ 55. Ke3 Qb3+ 1/2-1/2


[Site "https://www.chess.com"]

[Event "Titled Tuesday Blitz April 05 Early 2022"]
[White "Musovic, Armin"]
[Black "Gatterer, Florian"]
[WhiteFideId "939935"]
[BlackFideId "811688"]
[WhiteElo "2255"]
[BlackElo "2218"]
[Result "0-1"]
[Round "05"]
[TimeControl "180+1"]
[Date "2022.04.05"]
[WhiteClock "0:00:10"]
[BlackClock "0:00:19"]

1. a3 e5 2. Nc3 d5 3. d4 e4 4. Bf4 Nf6 5. Nb5 Na6 6. c4 c6 7. Nc3 Bd6 8. Bg5 Be6 9. cxd5 cxd5 10. e3 Nc7 11. Qa4+ Bd7 12. Qb3 Bc6 13. Nge2 h6 14. Bh4 O-O 15. h3 Rc8 16. g4 g5 17. Bg3 Ne6 18. Bxd6 Qxd6 19. Ng3 Ng7 20. h4 Nxg4 21. hxg5 hxg5 22. Bh3 Nxe3 23. Bxc8 Rxc8 24. Ncxe4 Ng2+ 25. Kf1 dxe4 26. Kxg2 e3+ 27. f3 Bxf3+ 28. Kxf3 Qf4+ 29. Kg2 Qf2+ 30. Kh3 Rc6 31. Rhf1 g4+ 32. Kh4 Rh6+ 33. Kg5 Rg6+ 34. Kh4 Qh2# 0-1


[Site "https://www.chess.com"]